 Dungeon Crawl Stone Soup version 0.20-a0-700-gbd4582c (webtiles) character file.

14073 polly the Basher (level 12, -2/75 HPs)
             Began as a Gargoyle Fighter on Feb 21, 2017.
             Was a High Priest of Okawaru.
             Slain by an ice beast (14 damage)
             ... on level 11 of the Dungeon.
             The game lasted 00:17:25 (10294 turns).

polly the Basher (Gargoyle Fighter)                Turns: 10294, Time: 00:17:26

Health: -2/75      AC: 26    Str: 22    XL:     12   Next: 12%
Magic:  12/12      EV: 10    Int: 17    God:    Okawaru [*****.]
Gold:   752        SH: 13    Dex: 12    Spells: 11/11 levels left

rFire    . . .     SeeInvis .   d - +3 flail (freeze)
rCold    . . .     Gourm    +   a - +0 plate armour
rNeg     + + .     Faith    .   c - +0 shield
rPois    ∞         Spirit   .   T - +0 helmet "Seson" {rN+ Int+3}
rElec    +         Reflect  .   S - scarf {repulsion}
rCorr    .         Harm     .   Q - +1 pair of gloves
MR       .....                  (no boots)
Stlth    ..........             r - amulet of the gourmand
Regen    0.3/turn               I - +5 ring of intelligence
MPRegen  0.2/turn               H - +3 ring of evasion

@: exhausted, slowed, repel missiles, very slow
A: negative energy resistance 1, electricity resistance, unbreathing,
petrification resistance, rot immunity, AC +8
a: Heroism, Finesse, Renounce Religion


You were on level 11 of the Dungeon.
You worshipped Okawaru.
Okawaru was extremely pleased with you.
You were not hungry.

You visited 2 branches of the dungeon, and saw 12 of its levels.

You collected 752 gold pieces.

Inventory:

Hand Weapons
 d - a +3 flail of freezing (weapon)
Armour
 a - a +0 plate armour (worn)
 c - a +0 shield (worn)
 Q - a +1 pair of gloves (worn)
 S - a scarf of repulsion (worn)
 T - the +0 helmet "Seson" (worn) {rN+ Int+3}
   (You found it on level 9 of the Dungeon)

   It affects your intelligence (+3).
   It protects you from negative energy.
Jewellery
 r - an amulet of the gourmand (around neck)
 H - a +3 ring of evasion (left hand)
 I - a +5 ring of intelligence (right hand)
Wands
 l - a wand of lightning (8/15)
 x - a wand of polymorph (19/24)
 B - a wand of disintegration (10/24)
Scrolls
 e - 3 scrolls of remove curse
 g - 3 scrolls of magic mapping
 h - a scroll of brand weapon {unknown}
 i - 3 scrolls of fog
 p - 5 scrolls of enchant armour {unknown}
 y - 4 scrolls of immolation {unknown}
 E - 6 scrolls of teleportation {unknown}
 J - 3 scrolls of enchant weapon {unknown}
 K - a scroll of vulnerability
Potions
 b - 4 potions of cancellation
 k - 2 potions of agility
 m - 2 potions of haste
 n - a potion of brilliance
 q - 2 potions of magic {unknown}
 s - 5 potions of curing
 v - 2 potions of mutation {unknown}
 z - 4 potions of heal wounds
 A - 4 potions of lignification {unknown}
 D - 2 potions of resistance {unknown}
 F - a potion of invisibility {unknown}
 G - 2 potions of flight {unknown}
 P - a potion of might
Books
 o - a book of Minor Magic

   Spells                             Type                      Level
   a - Magic Dart                     Conjuration                  1
   b - Blink                          Translocation                2
   c - Call Imp                       Summoning                    2
   d - Slow                           Hexes                        2
   e - Conjure Flame                  Conjuration/Fire             3
   f - Mephitic Cloud                 Conjuration/Poison/Air       3
 t - a book of Beasts

   Spells                             Type                      Level
   a - Summon Butterflies             Summoning                    1
   b - Call Canine Familiar           Summoning                    3
   c - Summon Ice Beast               Ice/Summoning                4
   d - Summon Mana Viper              Hexes/Summoning              5
   e - Summon Hydra                   Summoning                    7
 L - a book of Cantrips

   Spells                             Type                      Level
   a - Confusing Touch                Hexes                        1
   b - Animate Skeleton               Necromancy                   1
   c - Summon Small Mammal            Summoning                    1
   d - Apportation                    Translocation                1
Comestibles
 f - 14 bread rations
 j - 12 meat rations
 u - 10 royal jellies
 C - 4 fruits


   Skills:
 + Level 8.3 Fighting
 + Level 12.0 Maces & Flails
 + Level 9.1 Armour
 + Level 2.3 Dodging
 + Level 1.0 Stealth
 + Level 11.8 Shields


You had 11 spell levels left.
You didn't know any spells.

Dungeon Overview and Level Annotations

Branches:
Dungeon (11/15)            Temple (1/1) D:6            Lair (0/6) D:9
    Orc (0/2) D:10

Altars:
Ashenzari
Cheibriados
Dithmenos
Elyvilon
Fedhas
Gozag
Hepliaklqana Ieoh Jian
Kikubaaqudgha
Makhleb
Nemelex Xobeh
Okawaru
Qazlal
Ru
Sif Muna
Trog
Uskayaw
Vehumet
Xom
Yredelemnul
Zin
The Shining One

Shops:
D:4 :   D:10 %


Innate Abilities, Weirdness & Mutations

You are resistant to torment.
Your stone body is resilient. (AC +8)
You are immune to poison.
You resist negative energy. (rN+)
You are resistant to electric shocks. (rElec)
You can survive without breathing.
You are immune to petrification.
You are immune to rotting.


Message History

Your Maces & Flails skill increases to level 12!
Things that are here:
an uncursed short sword of distortion; an uncursed blowgun
Okay, then.
You feel a strong urge to attack something.
You start resting.
You feel your anger subside.
You are no longer berserk.
You are exhausted.
You feel yourself slow down.
You start resting.
Your surroundings suddenly seem different.
An orc comes into view.
The orc shouts!
Found an escape hatch in the ceiling.
Found a stone staircase leading down.
An ice beast comes into view.
There are monsters nearby!
You block the ice beast's attack. The ice beast hits you.
* * * LOW HITPOINT WARNING * * *
The ice beast freezes you!
You die...

#...#
#...#
#.>.#
#...#
#...#
#...#
#.o.#
#.@<#
#Y..# ..#
#...# .(#
#.....
...
.......
###
#########


You could see an ice beast and an orc.

Vanquished Creatures
  Erica (D:8)
  5 two-headed ogres
  Sonja (D:11)
  The ghost of ZaiJai the Ruffian, a novice TrMo (D:8)
  3 hippogriffs
  The ghost of static the Sneak, an amateur VSAs of Ieoh Jian (D:5)
  A human (D:7)
  A wyvern (D:11)
  3 hogs (D:7)
  2 yaks
  A hungry ghost (D:10)
  A porcupine (D:9)
  8 orc warriors
  6 black bears
  An ice beast (D:10)
  A phantom (D:10)
  4 sky beasts
  A necrophage (D:8)
  4 ogres
  8 centaurs
  A crocodile (D:9)
  A big kobold (D:9)
  A gnoll sergeant (D:8)
  5 bullfrogs
  A wyvern zombie (D:8)
  3 scorpions
  21 killer bees
  10 wights
  5 howler monkeys
  2 crimson imps
  A bullfrog zombie (D:7)
  2 centaur zombies
  A quasit (D:9)
  2 hounds
  8 orc priests
  22 orc wizards
  3 centaur skeletons
  4 iguanas
  5 worker ants
  A hound skeleton (D:9)
  3 worker ant zombies
  Robin (D:2)
  12 gnolls
  16 adders
  2 shadow imps
  2 oozes
  An adder zombie (D:9)
  An adder skeleton (D:4)
  2 worms
  3 dart slugs
  8 leopard geckos
  63 orcs
  8 bats
  7 giant cockroaches
  17 goblins
  8 hobgoblins
  9 jackals
  10 kobolds
  7 quokkas
  2 frilled lizards (D:1)
  A quokka skeleton (D:5)
  5 rats
341 creatures vanquished.

Notes
Turn   | Place    | Note
-------+----------+-------------------------------------------
     0 | D:1      | polly the Gargoyle Fighter began the quest for the Orb.
     0 | D:1      | Reached XP level 1. HP: 14/14 MP: 1/1
    86 | D:1      | Reached XP level 2. HP: 19/19 MP: 2/2
   219 | D:1      | Reached XP level 3. HP: 23/23 MP: 3/3
   734 | D:2      | Noticed Robin
   767 | D:2      | Killed Robin
   767 | D:2      | Reached skill level 3 in Maces & Flails
   767 | D:2      | Reached XP level 4. HP: 22/29 MP: 4/4
  1388 | D:3      | Reached XP level 5. HP: 33/33 MP: 5/5
  1549 | D:3      | Reached skill level 4 in Maces & Flails
  1579 | D:3      | Found a shadowy altar of Dithmenos.
  1579 | D:3      | Found a snail-covered altar of Cheibriados.
  1579 | D:3      | Found a radiant altar of Vehumet.
  1579 | D:3      | Found a bloodstained altar of Trog.
  1586 | D:3      | Found a stormy altar of Qazlal.
  1586 | D:3      | Found an ancient bone altar of Kikubaaqudgha.
  1818 | D:3      | Reached XP level 6. HP: 34/38 MP: 6/6
  2214 | D:4      | Reached skill level 5 in Maces & Flails
  2423 | D:4      | Found Xalygig's Book Emporium.
  2495 | D:5      | Entered Level 5 of the Dungeon
  2609 | D:5      | Noticed static's ghost (amateur VSAs)
  2617 | D:5      | Killed static's ghost
  2617 | D:5      | Reached skill level 1 in Dodging
  2617 | D:5      | Reached XP level 7. HP: 40/44 MP: 7/7
  2660 | D:5      | Reached skill level 5 in Shields
  3247 | D:6      | Reached skill level 6 in Maces & Flails
  3404 | D:6      | Reached XP level 8. HP: 20/48 MP: 8/8
  3615 | D:6      | Reached skill level 5 in Armour
  3654 | D:6      | Found a snail-covered altar of Cheibriados.
  3919 | D:6      | Found a staircase to the Ecumenical Temple.
  4079 | Temple   | Entered the Ecumenical Temple
  4255 | Temple   | Became a worshipper of Warmaster Okawaru
  4438 | D:7      | Reached skill level 5 in Fighting
  4444 | D:7      | Reached skill level 7 in Maces & Flails
  4839 | D:7      | Reached XP level 9. HP: 49/54 MP: 9/9
  4867 | D:7      | Reached * piety under Okawaru
  5307 | D:7      | Reached skill level 8 in Maces & Flails
  5444 | D:7      | Reached ** piety under Okawaru
  5757 | D:8      | Noticed ZaiJai's ghost (novice TrMo)
  6045 | D:8      | Reached skill level 9 in Maces & Flails
  6045 | D:8      | Reached XP level 10. HP: 41/61 MP: 10/10
  6382 | D:8      | Reached *** piety under Okawaru
  6547 | D:8      | Noticed a two-headed ogre
  6557 | D:8      | Killed a two-headed ogre
  6613 | D:8      | Noticed Erica
  6626 | D:8      | Killed ZaiJai's ghost
  6642 | D:8      | Killed Erica
  6642 | D:8      | Reached **** piety under Okawaru
  6694 | D:8      | Noticed a two-headed ogre
  6700 | D:8      | Killed a two-headed ogre
  6700 | D:8      | Reached skill level 10 in Maces & Flails
  6700 | D:8      | Reached skill level 10 in Shields
  6709 | D:8      | Noticed a two-headed ogre
  6709 | D:8      | Reached XP level 11. HP: 37/67 MP: 11/11
  6724 | D:8      | Killed a two-headed ogre
  6724 | D:8      | Reached ***** piety under Okawaru
  6905 | D:8      | HP: 1/67 [orc priest/divine providence (11)]
  6948 | D:8      | Noticed a two-headed ogre
  7219 | D:7      | Killed a two-headed ogre
  7932 | D:9      | Noticed a two-headed ogre
  7976 | D:10     | Entered Level 10 of the Dungeon
  8038 | D:10     | Reached skill level 11 in Maces & Flails
  8050 | D:10     | Found Nuxke's Food Boutique.
  8129 | D:10     | Found a flagged portal.
  8423 | D:9      | Received a gift from Okawaru
  8790 | D:9      | Found a staircase to the Lair.
  8816 | D:9      | Got a crude helmet
  8827 | D:9      | Identified the cursed +0 helmet "Seson" {rN+ Int+3} (You found it on level 9 of the Dungeon)
  8942 | D:9      | Noticed a two-headed ogre
  8949 | D:9      | Killed a two-headed ogre
  8949 | D:9      | Reached skill level 1 in Stealth
  9387 | D:10     | Found a staircase to the Orcish Mines.
  9932 | D:11     | Reached XP level 12. HP: 63/74 MP: 12/12
 10065 | D:11     | Found a stormy altar of Qazlal.
 10185 | D:11     | Noticed Sonja
 10287 | D:11     | Killed Sonja
 10287 | D:11     | Reached skill level 12 in Maces & Flails
 10294 | D:11     | Slain by an ice beast

Vault maps used:
D:1:      lightli_arrival_noodles
D:2:      uniq_robin
D:3:      minmay_overflow_temple_hex
D:4:      serial_shops, kennysheep_mini_moat, first_bread
D:6:      minmay_temple_entry_enclosed_plants, basic_altar
D:7:      grunt_livestock
D:8:      uniq_erica
D:9:      minmay_flawed_box, grunt_lair_entry_orc_guard_hut
D:10:     hiddenorc1_lemuel, serial_shops, shop, enter_bailey_2, minivault_1,
          lightli_fourway_metalbox
D:11:     basic_altar, hex_tiny, uniq_sonja
Temple:   regret_index_temple_sphere_string

Skill      XL: |  1  2  3  4  5  6  7  8  9 10 11 12 |
---------------+-------------------------------------+-----
Maces & Flails | 3 4 5 6 7 9 10 11 12 | 12.0
Armour         | 4 6 7 8 9 |  9.1
Shields        | 4 5 6 8 10 11 | 11.8
Fighting       | 4 5 6 7 8 |  8.3
Dodging        | 1 2 |  2.3
Stealth        | 1 |  1.0

Action                   |  1- 3 |  4- 6 |  7- 9 | 10-12 || total
-------------------------+-------+-------+-------+-------++-------
Melee: Flail             |   153 |   261 |   490 |   723 ||  1627
  Use: Potion            |       |       |     1 |     2 ||     3
       Scroll            |       |       |       |    14 ||    14
  Eat: Chunk             |       |     6 |    19 |    10 ||    35
       Royal jelly       |       |       |     1 |       ||     1
Armor: Scale mail        |    71 |       |       |       ||    71
       Chain mail        |    28 |   223 |   222 |       ||   473
       Plate armour      |       |       |   116 |   433 ||   549
Dodge: Dodged            |    46 |    66 |   138 |   356 ||   606
       Deflected         |       |       |       |     4 ||     4
Block: Shield            |    94 |   146 |   288 |   537 ||  1065
